 Dungeon Sprint DCSS version 0.05-5-g1455f61281 (webtiles) character file.

Game seed: 17765709665622592933, levelgen mode: deterministic

1247 diana the Arsonist (level 8, 0/63 HPs) Octopode Fire Elementalist. Began on May 27, 2021. Was an Elder of Sif Muna. Killed themself with a badly aimed fireball (25 damage) ... in the Dungeon (Sprint V: "Ziggurat Sprint"). The game lasted 00:06:43 (353 turns).

diana the Arsonist (Octopode Fire Elementalist)      Turns: 353, Time: 00:06:44

Health: 0/63       AC:  1    Str: 17    XL:     8 ^: 571
Magic:  16/21      EV: 21    Int: 31    God:    Sif Muna [4* [117]]
Gold:   0          SH: 11    Dex: 21    Spells: 17/26 levels left

rFire    . . .     Vision   .   G - +3 energetic staff of transmutation
rCold    . . .     Gourm    .   I - +8 buckler of the Enchanted Forest {rCorr Int+2 Dex-2 Slay+2}
rNeg     . . .     Faith    .   (helmet restricted)
rPois    +         Spirit   .   (no amulet)
rElec    .         Reflect  .   s - ring of dexterity
rCorr    +         Harm     .   t - ring of dexterity
MR       .....     NoTele   +   u - ring of intelligence
Stlth    +++++.....             v - ring of intelligence
HPRegen  0.31/turn              w - ring of strength
MPRegen  0.31/turn              x - ring of strength
                                H - ring of poison resistance
                                (no ring)

@: very slightly contaminated, slowed, very slow
A: almost no armour, stealthy swim, gelatinous body, amphibious, 8 rings,
constrict 8, camouflage 1, AC +1
a: Divine Energy, Channel Magic, Forget Spell, Renounce Religion


You were in the Dungeon.
You worshipped Sif Muna.
Sif Muna was greatly pleased with you.
You were not hungry.

You visited 1 branch

Inventory:

Weapons
 D - the +7 great mace "Firestarter" {inner flame, rF++}
   (You found it in the Dungeon)

   Its malleable surface is completely molten, allowing it to meld around and
   partially ignore armour.
   Causes less base damage than a standard weapon; but partially ignores enemy's
   defense and burns causing additional damage to those that don't resist heat.
   It greatly protects you from fire.
 F - the +12 short sword of Peril {molten, rElec Int+3}
   (You found it in the Dungeon)

   Its malleable surface is completely molten, allowing it to meld around and
   partially ignore armour.
   Causes less base damage than a standard weapon; but partially ignores enemy's
   defense and burns causing additional damage to those that don't resist heat.
   It affects your intelligence (+3).
   It insulates you from electricity.
   Shields
 I - the +8 buckler of the Enchanted Forest (shield) {rCorr Int+2 Dex-2 Slay+2}
   (You found it in the Dungeon)

   Base shield rating: 3 Skill to remove penalty: 4.0 It affects your
   intelligence (+2).
   It affects your dexterity (-2).
   It affects your accuracy and damage with ranged weapons and melee attacks
   (+2).
   It provides partial protection from all sources of acid and corrosion.
Armour
 J - a +0 cloak of softness
Magical Staves
 C - the +6 Majin-Bo {vampiric, corrupt archmagi; MP+6 Int+6}
   (You found it in the Dungeon)

   [staff of ]

   Base accuracy: +5 Base damage: 5 Base attack delay: 1.2 This weapon's minimum
   attack delay (0.6) is reached at skill level 12.
   The minimum and maximum damage of damaging spells cast with this staff are
   significantly increased.
   It falls into the 'Staves' category.
   It is one handed.
   Its enchantment grants additive spellpower to the spells it enhances.
 G - a +3 energetic staff of transmutation (weapon)
Jewellery
 k - a cursed ring of ice {(Curse: *Drain Int-5)}
 s - a ring of dexterity (left tentacle)
 t - a ring of dexterity (right tentacle)
 u - a ring of intelligence (on tentacle)
 v - a ring of intelligence (on tentacle)
 w - a ring of strength (on tentacle)
 x - a ring of strength (on tentacle)
 H - a ring of poison resistance (on tentacle)
Wands
 y - a wand of disintegration (7)
 z - a wand of iceblast (7)
 A - a wand of acid (6)
Scrolls
 h - 4 scrolls of blinking
 n - 4 scrolls of amnesia
 o - 7 scrolls of fog
 p - a scroll of holy word
 q - 4 scrolls of bless item
 r - 2 scrolls of fear
Potions
 a - 2 potions of brilliance
 c - 10 potions of curing
 d - 6 potions of heal wounds
 e - 6 potions of haste
 f - 6 potions of magic
 g - 3 potions of berserk rage
 i - 2 potions of invisibility
 j - 4 potions of resistance
 l - 5 potions of agility
 m - 5 potions of might
Miscellaneous
 B - a lightning rod (4/4)
 E - a crystal ball of energy
Comestibles
 b - 7 rations


   Skills:
 + Level 9.2 Fighting
 + Level 7.7 Maces & Staves
 + Level 9.5 Dodging
 - Level 2.6 Stealth
 - Level 4.0 Shields
 + Level 9.5 Spellcasting
 + Level 9.9 Fire Magic
 + Level 1.7 Air Magic


You had 17 spell levels left.
You knew the following spells:

 Your Spells              Type           Power        Failure   Level  Hunger
a - Foxfire               Fire           25 (25)      1%          1    None
b - Fireball              Fire           66 (200)     1%          5    ###....
c - Mephitic Cloud        Pois/Air       20 (100)     7%          3    None

Your spell library contained the following spells:

 Spells                   Type           Power        Failure   Level  Hunger
 Flame Tongue             Fire           30 (30)      1%          1    None
 Shock                    Air            25 (25)      1%          1    None
 Searing Ray              Fire           50 (50)      1%          2    None
 Conjure Flame            Fire           66 (100)     1%          3    None
 Ignite Poison            Fire/Tmut      71 (100)     1%          3    None
 Inner Flame              Hex/Fire       45 (100)     1%          3    None
 Poisonous Vapours        Pois/Air       20 (50)      2%          1    None
 Beastly Appendage        Tmut           31 (50)      3%          1    None
 Confusing Touch          Hex            14 (50)      3%          1    None
 Summon Butterflies       Summ           14 (100)     3%          1    None
 Swiftness                Chrm/Air       20 (100)     3%          2    None
 Static Discharge         Air            25 (100)     4%          3    None
 Sticky Flame             Fire/Pois      45 (100)     4%          4    None
 Corpse Rot               Tmut/Necr      N/A          5%          2    None
 Slow                     Hex            14 (100)     5%          2    None
 Sting                    Pois           14 (25)      5%          2    None
 Sublimation of Blood     Necr           14 (200)     5%          2    None
 Throw Frost              Ice            14 (50)      5%          2    None
 Snakes to Sticks         Hex/Tmut       31 (100)     11%         3    None
 Teleport Other           Hex/Tloc       14 (100)     11%         3    None
 Bolt of Magma            Fire/Erth      45 (200)     12%         5    ###....
 Airstrike                Air            25 (200)     16%         4    None
 Ice Form                 Ice/Tmut       31 (100)     34%         4    None
 Olgreb's Toxic Radiance  Pois           14 (100)     34%         4    None
 Petrify                  Tmut/Erth      31 (100)     34%         4    None
 Lightning Bolt           Air            25 (200)     41%         5    ###....
 Bolt of Draining         Necr           14 (200)     67%         5    ###....
 Excruciating Wounds      Chrm/Necr      14 (200)     67%         5    ###....
 Ignition                 Fire           66 (200)     98%         8    #######
 Agony                    Necr           14 (180)     99%         6    #####..
 Eringya's Noxious Bog    Tmut/Pois      31 (200)     99%         6    #####..
 Dragon Form              Tmut           31 (200)     100%        7    ######.


Dungeon Overview and Level Annotations

Branches:
Dungeon (1/1)

Altars:
Ashenzari
Cheibriados
Dithmenos
Elyvilon
Fedhas Madash
Gozag Ym Sagoz
Hepliaklqana
Kikubaaqudgha
Makhleb
Nemelex Xobeh
Okawaru
Qazlal
Ru
Sif Muna
Trog
Uskayaw
Vehumet
Wu Jian
Xom
Yredelemnul
Zin
The Shining One Bahamut & Tiamat
Beogh
Jiyva
Lugonu


Innate Abilities, Weirdness & Mutations

You cannot wear most types of armour.
You are very stealthy in the water. (Stealth+)
Your gelatinous body helps endure attacks. (AC+1 EV+1)
Your is resilient. (AC +1)
You are amphibious.
You can wear up to eight rings at the same time.
You can use your tentacles to constrict four enemies at once.
Your skin changes colour to match your surroundings (Stealth++).


Message History

* * * LOW HITPOINT WARNING * * *
Something drains your vigour!
You feel yourself slow down.
Deactivating autopickup; reactivate with Ctrl-A.
The quasit completely misses you (0). The quasit claws you (1).
* * * LOW HITPOINT WARNING * * *
The quasit closely misses you (0).
You feel much better.
The hellion blinks!
You block the quasit's attack. x2
The quasit misses you (0). Something hits you (1).
Something drains your vigour!
You feel as though you will be slow longer.
Something hits you (12)! You block the quasit's attack.
The quasit claws you but does no damage.
The quasit misses you (0).
Casting: Fireball (safe; 1% risk of failure)
Confirm with . or Enter, or press ? or * to list all spells.
Aiming: Fireball (safe; 1% risk of failure)
Press: ? - help, Shift-Dir - straight line The fireball explodes!
The fireball engulfs something (15)!
The fireball engulfs you (25)!!
You die...

▓..]}?..▓
▓..=::..▓
▓.......▓
▓....†.2▓
▓.......▓
.......
▓.▓55.▓.▓
▓...@...▓
▓▓▓▓▓▓▓▓▓


You could see a hellion, a quasit and a crimson imp.

Vanquished Creatures
  A mummy priest (D)
  A raiju (D)
  A hell hound (D)
  A crimson imp (D)
  2 adders (D)
  2 giant cockroach zombies (D)
  An adder skeleton (D)
  An adder zombie (D)
  9 ball pythons (D)
  A bat zombie (D)
20 creatures vanquished.

Vanquished Creatures (others)
  A spatial maelstrom (D)
  8 foxfires (D)
9 creatures vanquished.

Grand Total: 29 creatures vanquished

Notes
Turn   | Place    | Note
-------+----------+-------------------------------------------
     0 | D        | diana the Octopode Fire Elementalist began the quest for
                  | the Orb.
     0 | D        | Reached XP level 1. HP: 11/11 MP: 3/3
     0 | D        | Found a shimmering blue altar of Sif Muna.
     0 | D        | Found a sacrificial altar of Ru.
     0 | D        | Found a bloodstained altar of Trog.
     0 | D        | Found a stormy altar of Qazlal.
     0 | D        | Found an iron altar of Okawaru.
     0 | D        | Found a sparkling altar of Nemelex Xobeh.
     0 | D        | Found a blossoming altar of Fedhas.
     1 | D        | Found the +6 Majin-Bo {vampiric, corrupt archmagi; MP+6
                  | Int+6}
     1 | D        | Found the +9 ballista "Sniper" {velocity, Acc+∞ +Vis}
     1 | D        | Found the +10 dark maul {crush}
     1 | D        | Found the +15 Maxwell's patent armour {-Cast -Tele rElec
                  | MR+ rCorr}
     1 | D        | Found the +18 shield of the Gong {rElec rN+ MR+ EV-5}
     1 | D        | Found the +14 obsidian axe {chop, +Fly +Vis Soulbond}
     1 | D        | Found the +7 great mace "Firestarter" {inner flame, rF++}
     1 | D        | Found the +6 shillelagh "Devastator" {shatter}
     1 | D        | Found the +11 plutonium sword {*Contam Stlth-}
     1 | D        | Found the +8 lance "Wyrmbane" {slay drac, rPois rF+ rC+
                  | AC+3}
     1 | D        | Found the +9 sword of Zonguldrok {reap}
     1 | D        | Found the +13 scythe of Curses {drain, Soulbond}
     1 | D        | Found the +0 sword of Power
     1 | D        | Found the +7 mace of Variability {chain chaos}
     1 | D        | Found the +7 Singing Sword {slice, sonic wave}
     1 | D        | Found the +8 storm bow {elec, penet}
     2 | D        | Found a transporter.
     2 | D        | Found an ancient bone altar of Kikubaaqudgha.
     2 | D        | Found a viscous altar of Jiyva.
     2 | D        | Found a corrupted altar of Lugonu.
     2 | D        | Found a hazy altar of Hepliaklqana.
     2 | D        | Found a burning altar of Makhleb.
     2 | D        | Found an opulent altar of Gozag.
     2 | D        | Banished a spatial maelstrom
    65 | D        | Became a worshipper of Sif Muna the Loreminder
    92 | D        | Entered arena 2.
    92 | D        | Noticed a hell hound
    92 | D        | Found a transporter.
    95 | D        | Killed a hell hound
    95 | D        | Reached * piety under Sif Muna
    95 | D        | Reached skill level 5 in Dodging
    95 | D        | Reached skill level 5 in Spellcasting
    95 | D        | Reached skill level 5 in Fire Magic
    95 | D        | Reached XP level 2. HP: 23/23 MP: 4/8
    95 | D        | Reached XP level 3. HP: 27/27 MP: 4/9
    95 | D        | Reached XP level 4. HP: 34/34 MP: 4/11
   133 | D        | Got the +12 short sword of Peril {molten, rElec Int+3}
   141 | D        | Entered arena 3.
   141 | D        | Found a transporter.
   156 | D        | Got the Compendium of the Arsonist
   163 | D        | Entered arena 4.
   163 | D        | Found a transporter.
   165 | D        | Reached XP level 5. HP: 38/38 MP: 10/13
   166 | D        | Reached ** piety under Sif Muna
   174 | D        | Got the +8 buckler of the Enchanted Forest {rCorr Int+2
                  | Dex-2 Slay+2}
   197 | D        | Learned a level 5 spell: Fireball
   205 | D        | Entered arena 5.
   205 | D        | Found a transporter.
   206 | D        | Reached skill level 5 in Fighting
   222 | D        | Got Sif Muna's Compendium of the Blaze
   229 | D        | Learned a level 3 spell: Mephitic Cloud
   231 | D        | Reached *** piety under Sif Muna
   231 | D        | Reached XP level 6. HP: 47/47 MP: 14/16
   239 | D        | Entered arena 6.
   239 | D        | Noticed a mummy priest
   239 | D        | Found a transporter.
   242 | D        | Noticed a neqoxec
   244 | D        | Noticed a phantasmal warrior
   244 | D        | Noticed a phantasmal warrior
   244 | D        | Killed a mummy priest
   244 | D        | Reached **** piety under Sif Muna
   244 | D        | Reached XP level 7. HP: 56/56 MP: 2/19
   244 | D        | Reached XP level 8. HP: 63/63 MP: 2/21
   255 | D        | Got Etunoil's Disquisition on the Blaze
   343 | D        | Entered arena 7.
   343 | D        | Noticed a hellion
   346 | D        | Reached skill level 1 in Air Magic
   353 | D        | Killed themself with a badly aimed fireball

Levels and vault maps discovered:
D:        sprint_v [room_start, room_1, room_2, room_3, room_4, room_5, room_6,
          room_7, room_8, room_9, room_10, room_11, room_12, room_13, room_14,
          room_15, room_16, room_17, room_18, room_19, room_20, room_21,
          room_22, room_23, room_24, room_25, room_26, room_27]

Skill      XL: |  1  2  3  4  5  6  7  8 |
---------------+-------------------------+-----
Fighting       | 4 6 8 9 |  9.2
Dodging        | 5 7 9 |  9.5
Spellcasting   | 5 7 9 |  9.5
Fire Magic     | 5 6 7 9 |  9.9
Maces & Staves | 4 7 |  7.7
Shields        | 4 |  4.0
Air Magic      | 1 |  1.7
Stealth        | |  2.6

Action                   |  1- 3 |  4- 6 |  7- 9 || total
-------------------------+-------+-------+-------++-------
Melee: Short sword       |       |     1 |       ||     1
 Cast: Foxfire           |       |     5 |       ||     5
       Fireball          |       |     4 |     3 ||     7
Evoke: Lightning rod     |     2 |     2 |       ||     4
       Wand              |       |       |     1 ||     1
  Use: Scroll            |       |     1 |       ||     1
       Potion            |       |     1 |     5 ||     6
Armor: Skin              |       |       |     1 ||     1
Dodge: Dodged            |     1 |       |     7 ||     8
Block: Buckler           |       |       |     6 ||     6
